 Dungeon Crawl Stone Soup version 0.31-a0-889-g1a8549509d (webtiles) character file.

Game seed: 15992337846652701081

206 Error4North the Ruffian (level 5, -5/61 HPs)
             Began as a Draconian Shapeshifter on Oct 16, 2023.
             Slain by an iguana (7 damage)
             ... on level 3 of the Dungeon.
             The game lasted 00:12:24 (1730 turns).

Error4North the Ruffian (Draconian Shapeshifter)    Turns: 1730, Time: 00:12:25

Health: -5/61      AC: 22    Str: 19    XL:     5   Next: 53%
Magic:  5/5        EV:  2    Int: 10    God:
Gold:   126        SH:  0    Dex: 10    Spells: 4/4 levels left

rFire   . .          .
                       - Unarmed
rCold   . . .        (no shield)
rNeg    . . .        (body armour unavailable)
rPois   +            (helmet currently unavailable)
rElec   .            (cloak currently unavailable)
rCorr   .            (gloves currently unavailable)
SInv    .            (boots currently unavailable)
Will    +....        (no amulet)
Stlth   +            g - ring of willpower
HPRegen 0.30/turn    (no ring)
MPRegen 0.09/turn

%: no passive effects
@: tree-form, attractive
A: stationary, stasis, torment immunity, boosted hp, AC +5, unfitting armour,
(cold-blooded)
a: no special abilities


You were on level 3 of the Dungeon.
You were a tree.
You visited 1 branch of the dungeon, and saw 3 of its levels.

You collected 126 gold pieces.

Inventory:

Jewellery
 g - a ring of willpower (left branch)
Talismans
 b - a beast talisman
 c - a flux talisman
Scrolls
 d - 5 scrolls of identify {unknown}
 e - a scroll of noise {unknown}
 f - 2 scrolls of teleportation {unknown}
 h - 3 scrolls of vulnerability {unknown}
 j - a scroll of silence {unknown}


   Skills:
 * Level 1.7 Fighting
 * Level 2.6 Dodging
 + Level 0.4 Stealth
 + Level 5.0 Unarmed Combat
 * Level 3.7 Shapeshifting


You had 4 spell levels left.
You didn't know any spells.
Your spell library contained the following spells:

 Spells                   Type           Power      Damage    Failure   Level
 Cause Fear               Hex            0%         N/A       98%         4
 Fireball                 Conj/Fire      0%         3d3       100%        5
 Dragon's Call            Summ           0%         N/A       100%        9


Dungeon Overview and Level Annotations

Branches:
Dungeon (3/15)

Altars:
Fedhas
Zin

Shops:
D:1 *


Innate Abilities, Weirdness & Mutations

You are a tree.
Your roots penetrate the ground, keeping you stationary.
You cannot be teleported.
You are immune to unholy pain and torment.
Your maximum health is greatly increased.
Your equipment is partially melded.
((Your plain brown scales are hard. (AC +5)))
You cannot fit into any form of body armour.
((You are cold-blooded and may be slowed by cold attacks.))


Message History

The iguana hisses angrily.
The frilled lizard barely misses you.
You closely miss the frilled lizard. You punch the frilled lizard.
You kill the frilled lizard!
You closely miss the iguana.
Your tail-slap misses the iguana.
The iguana misses you.
You closely miss the iguana.
Your tail-slap misses the iguana.
The iguana bites you!
You hit the iguana.
The iguana is lightly wounded.
The iguana bites you.
You barely miss the iguana.
Your tail-slap misses the iguana.
The iguana is lightly wounded.
The iguana bites you!
You hit the iguana but do no damage.
The iguana is lightly wounded.
You hit the iguana.
The iguana is heavily wounded.
The iguana bites you.
You hit the iguana.
The iguana is severely wounded.
The iguana barely misses you.
You barely miss the iguana.
Your tail-slap misses the iguana.
The iguana is severely wounded.
The iguana bites you but does no damage.
You barely miss the iguana.
The iguana is severely wounded.
The iguana bites you!
* * * LOW HITPOINT WARNING * * *
You hit the iguana but do no damage.
The iguana is severely wounded.
The iguana bites you!
* * * LOW HITPOINT WARNING * * *
It was a potion of attraction.
You feel attractive to monsters. The iguana bites you.
* * * LOW HITPOINT WARNING * * *
Your transformation has ended.
You turn into a tree.
Your roots penetrate the ground.
The iguana bites you!
You die...

#......... #######.####
#...)## ##.....#....
#......
#..........♣♣♣♣###.)....
...........♣..♣...)#...#
.........<.♣............
...........♣._...###.###
..........)♣.....###.###
......l♣.†.♣..♣........#
..........†♣♣♣♣.####.#..
#.>............## #.###
##.....##.....># #.#
###### ###.##.# #.#
#.##..####.###
#.###......... #.#
#......... #.#
#.........


You could see an iguana.

Vanquished Creatures
  An orc priest (D:2)
  2 orc wizards
  A gnoll (D:1)
  4 adders (D:2)
  A worm (D:2)
  3 dart slugs
  4 orcs
  6 ball pythons
  6 endoplasms
  2 giant cockroaches
  6 goblins
  5 hobgoblins
  4 jackals
  4 kobolds
  3 quokkas
  6 bats
  7 frilled lizards
  3 rats
68 creatures vanquished.

Notes
Turn   | Place    | Note
-------+----------+-------------------------------------------
     0 | D:1      | Error4North the Draconian Shapeshifter began the quest for
                  | the Orb.
     0 | D:1      | Reached XP level 1. HP: 16/16 MP: 1/1
   137 | D:1      | Reached XP level 2. HP: 6/23 MP: 2/2
   210 | D:1      | Found Suleh's General Store.
   375 | D:1      | Reached XP level 3. HP: 21/28 MP: 3/3
   596 | D:1      | Reached skill level 4 in Unarmed Combat
   844 | D:2      | Found a glowing silver altar of Zin.
   959 | D:2      | Reached XP level 4. HP: 35/35 MP: 4/4
  1493 | D:2      | Reached XP level 5. HP: 36/40 MP: 5/5
  1571 | D:3      | Reached skill level 5 in Unarmed Combat
  1673 | D:3      | Found a blossoming altar of Fedhas.
  1729 | D:3      | HP: 1/41 [iguana (3)]
  1730 | D:3      | Slain by an iguana

Illustrated notes

Levels and vault maps discovered:
D:1:      orjb1_clovarrival, layout_loops_ring, serial_shops, shop
D:2:      minmay_diamond_boxcup, layout_basic, basic_altar, nrook_uturn,
          dreamdust_mushroom_princess, corexii_item_surrounded_by_moat
D:3:      layout_rooms, lemuel_crystal_altar,
          mainiacjoe_overflow_catch_the_wave, mainiacjoe_overflow_alcove_1,
          hellmonk_ecumenical_altar_dog_temple

Skill      XL: |  1  2  3  4  5 |
---------------+----------------+-----
Unarmed Combat | 4 5 |  5.0
Dodging        | 2 |  2.6
Fighting       | |  1.7
Stealth        | |  0.4
Shapeshifting  | |  3.7

Action                     |  1- 3 |  4- 6 || total
---------------------------+-------+-------++-------
  Melee: Unarmed           |   106 |    84 ||   190
         Tailslap          |    10 |     7 ||    17
         Punch             |     1 |     3 ||     4
    Use: Potion            |       |     2 ||     2
   Stab: Sleeping          |     2 |     1 ||     3
 Armour: Skin              |    49 |    51 ||   100
  Dodge: Dodged            |    54 |    49 ||   103

Table legend: (Time is in decaauts)
 A = Elapsed time spent in this place.
 B = Non-inter-level travel time spent in this place.
 C = Inter-level travel time spent in this place.
 D = Time resting spent in this place.
 E = Time spent auto-exploring this place.
 F = Levels seen in this place.
 G = Mean time per level.
                   A        B        C        D        E       F      G
               +--------+--------+--------+--------+--------+-----+--------+
         Total |   1731 |   1686 |     45 |    143 |    781 |   3 |  577.0 |
       Dungeon |   1731 |   1686 |     45 |    143 |    781 |   3 |  577.0 |
               +--------+--------+--------+--------+--------+-----+--------+

Top non-repeatable levels by time:
     D:1: 758 daAuts
     D:2: 755 daAuts
     D:3: 217 daAuts
